 Dungeon Crawl Stone Soup version 0.27-a0-1188-g73eefd5def (webtiles) character file.

Game seed: 13936946268414139173

220674 spiderkeys the Tortoise (level 19, -6/119 HPs)
             Began as a Tengu Abyssal Knight on May 20, 2021.
             Was the Champion of Lugonu.
             Killed from afar by a balrug (35 damage)
             ... with a bolt of fire
             ... on level 2 of the Depths.
             The game lasted 01:10:28 (40136 turns).

spiderkeys the Tortoise (Tengu Abyssal Knight)     Turns: 40136, Time: 01:10:29

Health: -6/119     AC: 38    Str: 23    XL:     19   Next: 57%
Magic:  31/31      EV: 16    Int: 16    God:    Lugonu [******]
Gold:   2332       SH: 19    Dex: 15    Spells: 18/18 levels left

rFire    . . .     SeeInvis +   w - +4 demon trident (elec)
rCold    + + +     Faith    .   S - +0 kite shield
rNeg     . . .     Spirit   .   z - +2 crystal plate armour {rC+} {rare}
rPois    +         Reflect  +   m - +1 hat "Zeneel" {-Cast +Blink rElec rC++}
rElec    +         Harm     .   J - +2 cloak
rCorr    .         Rampage  .   f - +2 pair of gloves {Str+3}
Will     ++...     NoCast   +   (boots unavailable)
Stlth    ..........             g - amulet of Ezyfeo {Reflect Will+ Dex+2 Slay+3 SH+5 SInv}
HPRegen  0.29/turn              y - ring of Vanity {rPois EV+4 Int+2}
MPRegen  0.22/turn              O - +4 ring of protection

@: flying quickly and evasively, studying 3 skills, quick
A: beak, talons 3, nimble flight
a: Renounce Religion, Evoke Blink, Depart the Abyss, Bend Space, Banish,
Corrupt, Enter the Abyss, Brand Weapon With Distortion


You were on level 2 of the Depths.
You worshipped Lugonu.
Lugonu was exalted by your worship.
You visited 4 branches of the dungeon, and saw 25 of its levels.
You visited the Abyss 1 time.
You also visited: Gauntlet, Ice Cave and Volcano.

You collected 4455 gold pieces.
You spent 2123 gold pieces at shops.


Innate Abilities, Weirdness & Mutations

You have a beak for a mouth.
You have claws for feet.
Your magical nature lets you fly swiftly and evasively.


   Skills:
 + Level 13.2 Fighting
 + Level 14.0 Polearms
 + Level 15.5 Armour
 + Level 14.0 Dodging
 + Level 13.6 Shields
 + Level 15.0 Invocations


You had 18 spell levels left.
You didn't know any spells.
Your spell library contained the following spells:

 Spells                   Type           Power      Damage    Failure   Level
 Apportation              Tloc           0%         N/A       100%        1
 Corona                   Hex            0%         N/A       100%        1
 Freeze                   Ice            0%         1d3       100%        1
 Magic Dart               Conj           0%         1d3       100%        1
 Sandblast                Erth           0%         2d4       100%        1
 Blink                    Tloc           N/A        N/A       100%        2
 Passwall                 Tmut/Erth      0%         N/A       100%        2
 Searing Ray              Conj           0%         3d3       100%        2
 Slow                     Hex            0%         N/A       100%        2
 Call Canine Familiar     Summ           0%         N/A       100%        3
 Confusing Touch          Hex            0%         N/A       100%        3
 Dazzling Flash           Conj/Hex       0%         N/A       100%        3
 Frozen Ramparts          Ice            0%         1d2       100%        3
 Gell's Gravitas          Tloc           0%         N/A       100%        3
 Inner Flame              Hex/Fire       0%         N/A       100%        3
 Lesser Beckoning         Tloc           0%         N/A       100%        3
 Ozocubu's Armour         Ice            0%         N/A       100%        3
 Portal Projectile        Hex/Tloc       0%         N/A       100%        3
 Spider Form              Tmut/Pois      0%         N/A       100%        3
 Summon Guardian Golem    Hex/Summ       0%         N/A       100%        3
 Swiftness                Air            0%         N/A       100%        3
 Tukima's Dance           Hex            0%         N/A       100%        3
 Animate Armour           Summ/Erth      0%         N/A       100%        4
 Cause Fear               Hex            0%         N/A       100%        4
 Fulminant Prism          Conj/Hex       0%         3d6       100%        4
 Hailstorm                Conj/Ice       0%         3d3       100%        4
 Iskenderun's Mystic Bla  Conj/Tloc      0%         2d3       100%        4
 Leda's Liquefaction      Hex/Erth       0%         N/A       100%        4
 Passage of Golubria      Tloc           N/A        N/A       100%        4
 Petrify                  Tmut/Erth      0%         N/A       100%        4
 Alistair's Intoxication  Tmut/Pois      0%         N/A       100%        5
 Irradiate                Conj/Tmut      0%         3d13      100%        5
 Lee's Rapid Deconstruct  Erth           0%         3d5*      100%        5
 Metabolic Englaciation   Hex/Ice        0%         N/A       100%        5
 Yara's Violent Unravell  Hex/Tmut       0%         3d3       100%        5
 Blade Hands              Tmut           0%         N/A       100%        6
 Dispersal                Tloc           0%         N/A       100%        6
 Invisibility             Hex            0%         N/A       100%        6
 Statue Form              Tmut/Erth      0%         N/A       100%        6
 Dragon Form              Tmut           0%         N/A       100%        7
 Malign Gateway           Summ/Tloc      0%         N/A       100%        7
 Summon Hydra             Summ           0%         N/A       100%        7

Inventory:

Hand Weapons
 w - a +4 demon trident of electrocution (weapon)
   (You acquired it on level 7 of the Dungeon)
 G - the +14 obsidian axe {vorpal, Drain Fly SInv}
   (You took it off a wizard on level 2 of the Depths)

   It inflicts extra damage upon your enemies.
   It lets you see invisible.
   It grants you flight.
   It drains your maximum health when unequipped.
 W - a +4 trident of freezing
   (You took it off an orc on level 1 of the Orcish Mines)
Missiles
 r - 8 javelins
 v - a throwing net {=f!f}
 B - 11 curare-tipped darts {=f}
 T - 5 boomerangs of dispersal {=f!f}
 V - 7 silver boomerangs
 X - 8 atropa-tipped darts
Armour
 f - a +2 pair of gloves of strength (worn)
   (You found it on level 3 of the Abyss)
 m - the +1 hat "Zeneel" (worn) {-Cast +Blink rElec rC++}
   (You found it on level 5 of the Lair of Beasts)

   It greatly protects you from cold.
   It insulates you from electricity.
   It lets you blink.
   It prevents spellcasting.
 z - a +2 crystal plate armour of cold resistance (worn) {rare}
   (You found it in an ice cave)
 J - a +2 cloak (worn)
   (You took it off Maurice on level 8 of the Dungeon)
 S - a +0 kite shield (worn)
   (You took it off a gnoll sergeant on level 6 of the Dungeon)
Jewellery
 g - the amulet of Ezyfeo (around neck) {Reflect Will+ Dex+2 Slay+3 SH+5 SInv}
   (You found it on level 3 of the Abyss)

   [amulet of reflection]

   It reflects blocked missile attacks.
   It affects your dexterity (+2).
   It affects your accuracy and damage with ranged weapons and melee attacks
   (+3).
   It lets you see invisible.
   It affects your SH (+5).
   It increases your willpower.
 s - an amulet of magic regeneration
   (You found it on level 15 of the Dungeon)
 y - the ring of Vanity (left hand) {rPois EV+4 Int+2}
   (You bought it in a shop on level 1 of the Dungeon)

   [ring of evasion]

   It affects your evasion (+4).
   It affects your intelligence (+2).
   It protects you from poison.
 F - a ring of willpower
   (You found it on level 1 of the Depths)
 O - a +4 ring of protection (right hand)
   (You bought it in a shop on level 1 of the Dungeon)
 R - a ring of resist corrosion
   (You found it on level 5 of the Lair of Beasts)
 Z - a ring of wizardry
   (You found it on level 4 of the Lair of Beasts)
Wands
 j - a wand of iceblast (16)
   (You found it on level 7 of the Dungeon)
 k - a wand of digging (1)
   (You found it on level 9 of the Dungeon)
 E - a wand of mindburst (32)
   (You found it on level 10 of the Dungeon)
 H - a wand of charming (6)
   (You found it on level 8 of the Dungeon)
 K - a wand of flame (110)
   (You took it off Maurice on level 8 of the Dungeon)
Scrolls
 b - a scroll of silence {!r}
 h - a scroll of fear
 l - 3 scrolls of magic mapping {!r}
 n - a scroll of vulnerability {!r!r}
 u - 2 scrolls of torment {!r}
 C - a scroll of blinking {!r}
 L - a scroll of summoning
 M - 2 scrolls of fog
 N - 8 scrolls of teleportation {@r4}
 Q - 3 scrolls of holy word
 Y - 6 scrolls of enchant armour
Potions
 a - 4 potions of lignification {!q}
 c - a potion of magic
 d - a potion of attraction {!q}
 e - 5 potions of haste {@q3}
 i - 7 potions of curing {@q1}
 o - a potion of invisibility
 p - 6 potions of might
 q - 2 potions of ambrosia
 x - 2 potions of heal wounds {@q2}
 A - a potion of brilliance
 D - 2 potions of mutation {!q}
 I - a potion of berserk rage {!q}
Miscellaneous
 t - a box of beasts
   (You found it on level 6 of the Lair of Beasts)
 P - a phial of floods
   (You found it on level 10 of the Dungeon)
 U - a phantom mirror
   (You found it on level 10 of the Dungeon)

Dungeon Overview and Level Annotations

Branches:
Dungeon (15/15)            Temple (0/1) D:4            Lair (6/6) D:8
  Swamp (0/4) Lair:2       Spider (0/4) Lair:2        Slime (0/5) Lair:6
    Orc (2/2) D:10            Elf (0/3) Orc:2        Vaults (0/5) D:13
 Depths (2/5) D:15          IceCv (visited)         Volcano (visited)
Gauntlet (visited)

Altars:
Fedhas
Gozag
Hepliaklqana
Qazlal
Trog
Xom
Beogh
Jiyva
Lugonu

Shops:
D:1 =   D:13 [   Orc:2 ?[[!:

Portals:
Hell: Depths:1 Depths:2
Abyss: Orc:1 Depths:2
Ziggurat: Depths:2
Trove: D:11 (give 16 potions of curing)

.:. .≈3 ##2# .§#
#2## ###### ##§§#
#≈≈≈≈# ##..§#
#≈≈≈≈# #23###
#≈##≈# #..@# #≈##§#
##...## #####§§§§#
##.....#
.....§§..###..÷...#
########........###
##########


You could see a balrug and a smoke demon.


Message History

A smoke demon comes into view.
The smoke demon roars!
A balrug comes into view.
It is wielding a +2 demon whip of venom.
The smoke demon gestures at you. Something smites you!
You see here a dwarf skeleton. 😕 HP[-11]
You take 11 damage, and now have 108/119 hp.
A smoke demon comes into view.
The balrug shouts!
The smoke demon roars!
The smoke demon gestures at you. Something smites you! 😕 HP[-13]
You take 13 damage, and now have 95/119 hp.
The smoke demon gestures at you.
The ball of steam hits the balrug.
The balrug resists.
The ball of steam hits you but does no damage. 😕 HP[+1]
You are engulfed in a cloud of scalding steam.
The balrug gestures at you.
The fireball explodes!
The fireball engulfs you!!
You see here a dwarf skeleton. 😮 HP[-34]
You take 34 damage, and now have 62/119 hp.
MASSIVE DAMAGE!! (PAUSE)
You feel much better. 😮 HP[+25]
You regained 25 hp, and now have 87/119 hp.
You are too injured to fight recklessly!
You are too injured to fight recklessly!
Reach: w) +4 demon trident (elec)
Press: ? - help, Dir - move target, f - balrug
Aim: a balrug, wielding a +2 demon whip of venom (lightly wounded, about 30% to evade your +4 demon trident of electrocution)
You reach to attack!
You impale the balrug!! Lightning courses through the balrug!!
The balrug gestures at you.
The sticky flame hits you but does no damage.
You are covered in liquid flames! 😮 HP[+1] Reach: w) +4 demon trident (elec)
Press: ? - help, Dir - move target, f/p - balrug
Aim: a balrug, wielding a +2 demon whip of venom (heavily wounded, about 30% to evade your +4 demon trident of electrocution)
You reach to attack!
You hit the balrug but do no damage.
You are covered in liquid flames! 😮 HP[-3]
You take 3 damage, and now have 85/119 hp.
Reach: w) +4 demon trident (elec)
Press: ? - help, Dir - move target, f/p - balrug
Aim: a balrug, wielding a +2 demon whip of venom (heavily wounded, about 30% to evade your +4 demon trident of electrocution)
You reach to attack!
You puncture the balrug!
You are covered in liquid flames!
The balrug gestures at you. Something smites you! 😮 HP[-17]
You take 17 damage, and now have 68/119 hp.
Reach: w) +4 demon trident (elec)
Press: ? - help, Dir - move target, f/p - balrug
Aim: a balrug, wielding a +2 demon whip of venom (severely wounded, about 31% to evade your +4 demon trident of electrocution)
You reach to attack!
You impale the balrug!!
You are covered in liquid flames! 😮 HP[-3]
You take 3 damage, and now have 65/119 hp.
Reach: w) +4 demon trident (elec)
Press: ? - help, Dir - move target, f/p - balrug
Aim: a balrug, wielding a +2 demon whip of venom (almost dead, about 30% to evade your +4 demon trident of electrocution)
The smoke demon is in the way.
You impale the smoke demon!! You claw the smoke demon!
The balrug gestures at you. Something smites you!
* * * LOW HITPOINT WARNING * * *
😨 HP[-15]
You take 15 damage, and now have 50/119 hp.
Reach: w) +4 demon trident (elec)
Press: ? - help, Dir - move target, f/p - balrug
Aim: a balrug, wielding a +2 demon whip of venom (almost dead, about 30% to evade your +4 demon trident of electrocution)
The smoke demon is in the way.
You puncture the smoke demon! Your kick misses the smoke demon.
The smoke demon misses you. You block the smoke demon's attack. x2
Reach: w) +4 demon trident (elec)
Press: ? - help, Dir - move target, f/p - balrug
Aim: a balrug, wielding a +2 demon whip of venom (almost dead, about 30% to evade your +4 demon trident of electrocution)
The smoke demon is in the way.
You barely miss the smoke demon.
You claw the smoke demon, but do no damage.
The balrug gestures at you.
The fireball explodes!
The fireball engulfs the smoke demon!
The smoke demon resists.
The smoke demon dies!
The fireball engulfs the balrug.
The balrug completely resists.
The fireball engulfs you!!!
* * * LOW HITPOINT WARNING * * *
The fireball engulfs the smoke demon!
The smoke demon resists.
The smoke demon barely misses you. You block the smoke demon's attack.
The smoke demon barely misses you. 😱 HP[-42]
You take 42 damage, and now have 8/119 hp.
MASSIVE DAMAGE!! (PAUSE)
You feel much better. The balrug gestures at you. The bolt of fire hits you!!
You die...

Skill      XL: |  1  2  3  4  5  6  7  8  9 10 11 12 13 14 15 16 17 18 19 |
---------------+----------------------------------------------------------+-----
Invocations    | 2 3 4 5 6 7 8 10 11 12 14 15 | 15.0
Dodging        | 2 3 4 5 6 7 9 10 11 12 13 14 | 14.0
Polearms       | 3 4 5 6 7 9 10 11 12 13 14 | 14.0
Armour         | 3 4 5 6 7 9 10 12 13 14 15 | 15.5
Shields        | 1 2 3 4 5 6 8 10 11 12 13 | 13.6
Fighting       | 4 5 6 7 8 9 10 11 12 13 | 13.2

Action                   |  1- 3 |  4- 6 |  7- 9 | 10-12 | 13-15 | 16-18 | 19-21 || total
-------------------------+-------+-------+-------+-------+-------+-------+-------++-------
Melee: Spear             |    75 |    93 |   232 |   816 |       |       |       ||  1216
       Kick              |    10 |    20 |    59 |   315 |    73 |   683 |   144 ||  1304
       Peck              |     9 |     9 |    40 |   200 |    40 |   426 |    92 ||   816
       Trident           |       |       |       |   170 |   189 |   349 |       ||   708
       Demon trident     |       |       |       |       |       |  1509 |   325 ||  1834
Invok: Depart the Abyss  |     1 |       |       |       |       |       |       ||     1
       Banish            |       |       |       |     4 |       |       |       ||     4
       Bend Space        |       |       |       |       |     1 |       |       ||     1
Evoke: Wand              |       |     6 |     6 |       |       |     4 |       ||    16
  Use: Scroll            |     4 |     3 |     3 |     7 |     5 |    17 |       ||    39
       Potion            |       |       |     1 |       |    10 |     5 |     2 ||    18
 Stab: Sleeping          |     5 |     1 |       |     1 |       |       |       ||     7
       Petrified         |       |       |       |       |       |     7 |       ||     7
       Distracted        |       |       |       |       |       |     1 |       ||     1
Armor: Leather armour    |     7 |     4 |       |       |       |       |       ||    11
       Ring mail         |       |    11 |    18 |       |       |       |       ||    29
       Scale mail        |       |       |     3 |       |       |       |       ||     3
       Steam dragon scal |       |       |       |    17 |       |       |       ||    17
       Swamp dragon scal |       |       |       |    28 |       |       |       ||    28
       Troll leather arm |       |       |       |    51 |       |       |       ||    51
       Chain mail        |       |       |       |    59 |    57 |    71 |       ||   187
       Crystal plate arm |       |       |       |       |       |   484 |    51 ||   535
Dodge: Dodged            |    13 |    25 |    65 |   429 |    88 |   542 |    46 ||  1208
Block: Other             |     1 |       |       |       |       |       |       ||     1
       Buckler           |    10 |    24 |    55 |       |       |       |       ||    89
       Reflection        |       |     1 |     2 |    22 |     3 |    35 |     1 ||    64
       Kite shield       |       |       |    16 |   804 |   151 |  1220 |   107 ||  2298

Levels and vault maps discovered:
D:1:      mrwooster_arrival_statue, layout_basic, serial_shops,
          nicolae_shop_trees, hellmonk_ecumenical_altar_crossroads
D:2:      layout_basic, basic_altar, grunt_ministairs_7
D:3:      layout_basic, hangedman_decor_clover_reticule
D:4:      cheibrodos_old_hovel, layout_loops_ring,
          minmay_temple_entry_drinking_statues, minmay_manual_mail
D:5:      layout_basic, uniq_pikel, uniq_sigmund
D:6:      layout_loops_corners, minmay_misc_feat_roman,
          chequers_serial_rivers_small_a, minmay_chambers_of_fives
D:7:      layout_loops_ring, gammafunk_ghost_mausoleum
D:8:      layout_gridville, minmay_lair_entry_grove,
          hellmonk_ghost_happy_afterlife, uniq_maggie, uniq_maurice
D:9:      layout_irregular_city, nicolae_gozag_seed_capital
D:10:     minmay_gate_of_8, layout_loops_ring, orc_0_dummy, serial_bayou_pond_e,
          nicolae_twisting_strands
D:11:     layout_big_octagon, nicolae_trove_entry_path_of_doom
D:12:     layout_stronghold, gauntlet_entry_generic,
          nicolae_qazlal_style_of_elements
D:13:     erik_rubicon_a, layout_basic, skrybe_vaults_entry_preservation,
          serial_shops, shop_statue, uniq_jorgrun
D:14:     layout_roguey
D:15:     grunt_enter_depths_magical_seal, layout_layer_cave,
          serial_bayou_pond_a, serial_park_tiny_2
Lair:1:   layout_gridlike, hangedman_tree_tricks, uniq_prince_ribbit2
Lair:2:   lemuel_ratsnest, layout_loops_ring,
          nicolae_swamp_entry_splash_gauntlet, spider_nest_entry_a,
          beast_lair_carwin_4, uniq_harold
Lair:3:   layout_layer_cave, portal_ice_cave_entry_imps, wad_woods_river_03,
          beast_lair_carwin_11, uniq_nergalle
Lair:4:   layout_loops_ring
Lair:5:   layout_cave_pods, gammafunk_ghost_hydra_chop, basic_altar, uniq_snorg
Lair:6:   hangedman_lair_caniforms_friends, layout_cave_pods,
          hangedman_lair_in_review, dpeg_slime_entry_enclosed_altar,
          nicolae_quartered_pool_super, eino_house_with_fridge
Orc:1:    layout_caves, amcnicky_altar_lugonu_corruption, uniq_sonja
Orc:2:    st_orc_town, layout_caves, nicolae_volcano_entry_hallway,
          serial_shops, shop, basic_altar
Depths:1: layout_gridlike, hangedman_geh_valley, kennysheep_generic_room_13
Depths:2: kennysheep_big_flooded_room, layout_gridlike, enter_ziggurat_d,
          lightli_too_deep, abyss_entry_flame_altar, minmay_misc_feat_pillars,
          tgw_trog, grunt_megastairs_1, minmay_staircase_statues, uniq_nikola

Notes
Turn   | Place    | Note
-------+----------+-------------------------------------------
     0 | Abyss:1  | spiderkeys the Tengu Abyssal Knight began the quest for the
                  | Orb.
     0 | Abyss:1  | Reached XP level 1. HP: 14/14 MP: 3/3
     0 | Abyss:1  | magus.rc [v1.9.10]
    17 | Abyss:1  | Found an ornate altar of the Wu Jian Council.
    30 | Abyss:1  | Found a corrupted altar of Lugonu.
    39 | Abyss:2  | Noticed a small abomination
    47 | Abyss:2  | Noticed a tentacled starspawn
    55 | Abyss:2  | Noticed a lich
    69 | Abyss:2  | Noticed a black draconian knight
   127 | Abyss:3  | Identified the amulet of Ezyfeo {Reflect Will+ Dex+2 Slay+3
                  | SH+5 SInv}
   134 | Abyss:3  | Noticed a smoke demon
   135 | D:1      | You pass through the gate.
   135 | D:1      | Escaped the Abyss
   193 | D:1      | Reached XP level 2. HP: 19/19 MP: 4/4
   259 | D:1      | Found Junaopha's Jewellery Emporium.
   322 | D:1      | You pick up a book of Misfortune and begin reading...
   322 | D:1      | You add the spells Confusing Touch, Gell's Gravitas,
                  | Petrify, Metabolic Englaciation and Yara's Violent
                  | Unravelling to your library.
   483 | D:1      | Reached * piety under Lugonu
   496 | D:1      | Found a faded altar of an unknown god.
   543 | D:1      | Reached XP level 3. HP: 23/23 MP: 5/5
  1047 | D:1      | Reached skill level 2 in Invocations
  1078 | D:2      | You fall into a shaft and drop 1 floor!
  1084 | D:3      | You pick up a book of Misfortune and begin reading...
  1091 | D:3      | You fall into a shaft and drop 1 floor!
  1269 | D:4      | Noticed a steam dragon
  1290 | D:5      | Entered Level 5 of the Dungeon
  1573 | D:2      | Reached skill level 2 in Dodging
  1602 | D:2      | Reached XP level 4. HP: 28/28 MP: 6/6
  1671 | D:2      | Noticed a scorpion
  1676 | D:2      | Killed a scorpion
  1677 | D:2      | Reached skill level 3 in Polearms
  1677 | D:2      | Reached skill level 3 in Armour
  1677 | D:2      | Reached skill level 1 in Shields
  1677 | D:2      | Gained mutation: Your magical nature lets you fly swiftly
                  | and evasively. [Tengu growth]
  1677 | D:2      | Reached XP level 5. HP: 25/32 MP: 7/7
  1834 | D:2      | Found a shimmering altar of Xom.
  1910 | D:2      | Reached ** piety under Lugonu
  2477 | D:3      | Reached XP level 6. HP: 38/38 MP: 8/8
  2755 | D:4      | Found a staircase to the Ecumenical Temple.
  2764 | D:4      | Reached skill level 3 in Dodging
  2890 | D:4      | Killed a steam dragon
  2891 | D:4      | Reached skill level 4 in Fighting
  2891 | D:4      | Reached skill level 2 in Shields
  3175 | D:4      | Reached skill level 3 in Invocations
  3175 | D:4      | Reached XP level 7. HP: 43/43 MP: 10/10
  3769 | D:5      | Noticed Sigmund
  3780 | D:5      | Killed Sigmund
  3781 | D:5      | Reached skill level 4 in Polearms
  3781 | D:5      | Reached skill level 4 in Armour
  3782 | D:5      | Noticed Pikel
  3821 | D:5      | HP: 9/44 [Pikel/+1 whip of electrocution (6)]
  3823 | D:5      | HP: 1/44 [Pikel/+1 whip of electrocution (7)]
  3855 | D:5      | Killed Pikel
  3856 | D:5      | Reached skill level 4 in Dodging
  3856 | D:5      | Reached skill level 3 in Shields
  3856 | D:5      | Reached XP level 8. HP: 4/48 MP: 11/11
  4203 | D:5      | Reached skill level 5 in Fighting
  4387 | D:5      | Reached skill level 4 in Invocations
  4398 | D:5      | Reached skill level 5 in Polearms
  4587 | D:5      | Reached skill level 5 in Armour
  4819 | D:5      | Reached skill level 5 in Dodging
  4978 | D:5      | Reached skill level 4 in Shields
  4978 | D:5      | Reached XP level 9. HP: 49/54 MP: 13/13
  5340 | D:6      | Noticed a four-headed hydra
  5601 | D:6      | Identified a scroll of acquirement
  5601 | D:6      | Acquired 973 gold pieces
  5730 | D:1      | Bought the ring of Vanity {rPois EV+4 Int+2} for 565 gold
                  | pieces
  5731 | D:1      | Bought a +4 ring of protection for 396 gold pieces
  6173 | D:6      | Killed a four-headed hydra
  6174 | D:6      | Reached skill level 6 in Fighting
  6174 | D:6      | Reached skill level 6 in Polearms
  6174 | D:6      | Reached skill level 6 in Armour
  6174 | D:6      | Reached skill level 6 in Dodging
  6174 | D:6      | Reached skill level 5 in Invocations
  6365 | D:6      | Reached *** piety under Lugonu
  6905 | D:7      | Found a transporter.
  6996 | D:7      | Reached XP level 10. HP: 52/61 MP: 5/15
  7387 | D:7      | Found a transporter.
  7387 | D:7      | Noticed ZappyNine's ghost (novice OgTm)
  7536 | D:8      | Found a staircase to the Lair.
  7619 | D:7      | Reached skill level 7 in Polearms
  7626 | D:8      | Reached skill level 7 in Armour
  7634 | D:8      | Reached skill level 7 in Dodging
  7659 | D:8      | Reached skill level 7 in Fighting
  7785 | D:8      | Reached skill level 6 in Invocations
  7825 | D:8      | Reached **** piety under Lugonu
  7844 | D:8      | Noticed Maurice
  7988 | D:8      | Killed Maurice
  7989 | D:8      | Reached skill level 5 in Shields
  8101 | D:8      | Found a runed translucent door.
  8104 | D:8      | Noticed kd29's ghost (novice GrEE)
  8304 | D:8      | Noticed Maggie
  8323 | D:8      | Killed Maggie
  8453 | D:8      | Identified Paoc's Papyrus of Dislocated Poison
  8454 | D:8      | You add the spells Apportation, Blink, Spider Form,
                  | Dispersal and Malign Gateway to your library.
  8512 | D:8      | Reached XP level 11. HP: 63/67 MP: 5/16
  8749 | D:9      | HP: 4/67 [orc priest/divine providence (14)]
  9137 | D:9      | Found an opulent altar of Gozag.
  9530 | D:9      | Reached skill level 8 in Polearms
  9692 | D:9      | Reached skill level 8 in Armour
  9905 | D:10     | Entered Level 10 of the Dungeon
  9935 | D:10     | Reached skill level 8 in Dodging
 10120 | D:10     | Found a staircase to the Orcish Mines.
 10661 | D:10     | Reached skill level 6 in Shields
 10671 | D:10     | Noticed a deep troll
 10671 | D:10     | Noticed a phantasmal warrior
 10671 | D:10     | Noticed a wolf spider
 10672 | D:10     | Found a runed translucent door.
 10674 | D:10     | Noticed a yaktaur captain
 10674 | D:10     | Noticed a storm dragon
 10674 | D:10     | Noticed a yaktaur captain
 10674 | D:10     | Noticed a war gargoyle
 10881 | D:11     | Noticed a manticore
 10882 | D:11     | Noticed a two-headed ogre
 10887 | D:11     | Noticed a two-headed ogre
 10973 | Lair:1   | Entered Level 1 of the Lair of Beasts
 10973 | Lair:1   | Noticed Prince Ribbit
 10996 | D:8      | Killed Prince Ribbit
 11005 | D:8      | Reached skill level 8 in Fighting
 11144 | D:8      | Reached skill level 7 in Invocations
 11325 | Lair:1   | Reached ***** piety under Lugonu
 11394 | Lair:1   | Noticed a seven-headed hydra
 11396 | Lair:1   | Noticed a six-headed hydra
 11489 | Orc:1    | Entered Level 1 of the Orcish Mines
 11489 | Orc:1    | Noticed an orc sorcerer
 11632 | Orc:1    | Noticed an orc high priest
 11638 | D:10     | Killed an orc sorcerer
 11777 | Orc:1    | Noticed an orc knight
 11920 | D:10     | Killed an orc high priest
 11921 | D:10     | Reached skill level 9 in Polearms
 11921 | D:10     | Reached skill level 9 in Armour
 11921 | D:10     | Reached skill level 9 in Dodging
 11921 | D:10     | Reached XP level 12. HP: 36/75 MP: 6/18
 12220 | D:10     | Reached skill level 7 in Shields
 12558 | Orc:1    | Noticed an orc high priest
 12954 | D:10     | Killed an orc high priest
 13394 | Orc:1    | Found a corrupted altar of Lugonu.
 13394 | Orc:1    | Found a one-way gate to the infinite horrors of the Abyss.
 13395 | Orc:1    | Noticed Sonja
 13423 | Orc:1    | Killed Sonja
 13868 | Orc:1    | Noticed an orc warlord
 14226 | Orc:1    | Banished an orc warlord
 14227 | Orc:1    | Reached skill level 9 in Fighting
 14233 | Orc:1    | Reached skill level 8 in Invocations
 14480 | Orc:2    | Entered Level 2 of the Orcish Mines
 14480 | Orc:2    | Found Jaxoix's Armour Shop.
 14483 | Orc:2    | Noticed an orc warlord
 14500 | Orc:1    | Banished an orc warlord
 14868 | Orc:2    | Found a staircase to the Elven Halls.
 14888 | Orc:2    | Found a dark tunnel.
 14894 | Volcano  | Entered a volcano
 15313 | Orc:2    | Noticed an orc high priest
 15317 | Orc:2    | Noticed an orc high priest
 15330 | Orc:2    | Killed an orc high priest
 15331 | Orc:2    | Reached skill level 10 in Armour
 15331 | Orc:2    | Reached skill level 8 in Shields
 15335 | Orc:2    | Killed an orc high priest
 15336 | Orc:2    | Reached skill level 10 in Polearms
 15336 | Orc:2    | Reached XP level 13. HP: 24/80 MP: 20/20
 15636 | Orc:1    | Reached skill level 10 in Dodging
 16703 | Orc:2    | HP: 20/82 [soul eater/drain life[an orc high priest] (13)]
 17454 | Orc:2    | Found Suefan's Distillery.
 17454 | Orc:2    | Found Ahetiysa's Book Shoppe.
 17460 | Orc:2    | Bought a potion of heal wounds for 70 gold pieces
 17705 | Orc:2    | Found Lyilic's Magic Scroll Shop.
 17705 | Orc:2    | Found Cupnir's Antique Armour Shoppe.
 17924 | Orc:2    | Bought a scroll of brand weapon for 280 gold pieces
 17955 | Orc:2    | Bought a potion of experience for 700 gold pieces
 17955 | Orc:2    | Bought a potion of mutation for 112 gold pieces
 18267 | Orc:2    | Reached skill level 12 in Armour
 18267 | Orc:2    | Reached XP level 14. HP: 87/87 MP: 21/21
 18636 | D:7      | Reached skill level 10 in Fighting
 18697 | D:8      | Reached skill level 9 in Invocations
 18774 | D:8      | Killed kd29's ghost
 18786 | D:8      | Reached skill level 10 in Invocations
 18786 | D:8      | Reached XP level 15. HP: 90/92 MP: 21/24
 18787 | D:8      | Reached skill level 10 in Shields
 18787 | D:8      | Reached XP level 16. HP: 95/97 MP: 21/25
 19422 | Lair:1   | Acquired a manual of Conjurations
 19585 | Lair:1   | Found a blossoming altar of Fedhas.
 20635 | Lair:2   | Reached skill level 11 in Shields
 20757 | Lair:2   | Reached skill level 11 in Invocations
 20781 | Lair:2   | Noticed Harold
 20997 | Lair:1   | Killed Harold
 21226 | Lair:2   | Found a hole to the Spider Nest.
 21244 | Lair:2   | Reached skill level 13 in Armour
 21255 | Lair:2   | Reached skill level 11 in Polearms
 21421 | Lair:2   | Reached skill level 11 in Dodging
 21569 | Lair:2   | Reached ****** piety under Lugonu
 21861 | Lair:2   | Found a staircase to the Swamp.
 22201 | D:7      | Killed ZappyNine's ghost
 22224 | D:7      | Acquired a +2 demon trident of electrocution
 22403 | Lair:3   | Found a frozen archway.
 22430 | IceCv    | Entered an ice cave
 23279 | IceCv    | Acquired a manual of Invocations
 23297 | IceCv    | Identified a +2 crystal plate armour of cold resistance
 23298 | IceCv    | z - a +2 crystal plate armour of cold resistance {rare}
 23309 | IceCv    | You finish putting on your +2 crystal plate armour of cold
                  | resistance {rare}.
 23651 | Lair:3   | Noticed Nergalle
 23669 | Lair:3   | Killed Nergalle
 23675 | Lair:3   | Reached XP level 17. HP: 101/102 MP: 26/26
 24987 | Lair:4   | Identified the +4 war axe "Ysoigim" {freeze, rN+ Will+}
 25826 | Lair:5   | Reached skill level 11 in Fighting
 26004 | Lair:5   | Found a hazy altar of Hepliaklqana.
 26108 | Lair:5   | Found a runed translucent gate.
 26110 | Lair:5   | Found a runed translucent gate.
 26113 | Lair:5   | Found a runed translucent gate.
 26113 | Lair:5   | Noticed Pinouros's ghost (journeyman DECj)
 26124 | Lair:5   | Killed Pinouros's ghost
 26127 | Lair:5   | Reached skill level 12 in Invocations
 26138 | Lair:5   | Identified the +1 hat "Zeneel" {-Cast +Blink rElec rC++}
 26266 | Lair:5   | Noticed Snorg
 26275 | Lair:5   | Killed Snorg
 26969 | Lair:6   | Entered Level 6 of the Lair of Beasts
 27472 | Lair:6   | You pick up a book of Debilitation and begin reading...
 27472 | Lair:6   | You add the spells Corona, Slow, Inner Flame, Portal
                  | Projectile, Cause Fear and Leda's Liquefaction to your
                  | library.
 27491 | Lair:6   | Identified the ring of Linis Rejyr {Fly rC+ Dex+2}
 27671 | Lair:6   | Reached skill level 12 in Dodging
 27674 | Lair:6   | Reached skill level 12 in Polearms
 27770 | Lair:6   | HP: 26/104 [catoblepas (5)]
 28086 | Lair:6   | Reached skill level 12 in Shields
 28612 | Lair:6   | Found a viscous altar of Jiyva.
 28613 | Lair:6   | Found a staircase to the Slime Pits.
 28732 | Lair:6   | Reached skill level 14 in Armour
 29452 | D:10     | You pick up a book of Conjurations and begin reading...
 29452 | D:10     | You add the spells Magic Dart, Searing Ray, Dazzling Flash,
                  | Fulminant Prism and Iskenderun's Mystic Blast to your
                  | library.
 29455 | D:10     | Identified the +6 lajatang "Mehuips" {vorpal, rC+ Will+
                  | Int+2 Stlth+}
 29460 | D:10     | You pick up a book of Frost and begin reading...
 29460 | D:10     | You add the spells Freeze, Frozen Ramparts, Ozocubu's
                  | Armour and Hailstorm to your library.
 29677 | D:10     | Reached XP level 18. HP: 54/111 MP: 28/28
 29885 | D:11     | Reached skill level 13 in Invocations
 30239 | D:11     | Found a portal to a secret trove of treasure.
 30256 | D:11     | This trove needs 16 potions of curing to function. Give it
                  | the items?
 30556 | D:12     | Found a gate leading to a gauntlet.
 30565 | Gauntlet | Entered a Gauntlet
 30565 | Gauntlet | Found a transporter.
 30576 | Gauntlet | Found a transporter.
 30597 | Gauntlet | Found a transporter.
 30600 | Gauntlet | Found a transporter.
 30624 | Gauntlet | Found a transporter.
 30641 | Gauntlet | Found a transporter.
 30643 | Gauntlet | Found a runed translucent door.
 30656 | Gauntlet | Found a transporter.
 30692 | Gauntlet | Found a transporter.
 30692 | Gauntlet | Found a transporter.
 30698 | Gauntlet | Found a transporter.
 30725 | Gauntlet | Found a transporter.
 30727 | Gauntlet | Found a transporter.
 30731 | Gauntlet | Found a runed translucent door.
 30818 | Gauntlet | You pick up a book of Transfigurations and begin reading...
 30818 | Gauntlet | You add the spells Irradiate, Statue Form, Blade Hands and
                  | Dragon Form to your library.
 30820 | Gauntlet | Identified the +0 pair of gloves of the Eight Boll Weevils
                  | {Drain rF+ rN+ Dex+3}
 30823 | Gauntlet | You pick up a book of Party Tricks and begin reading...
 30823 | Gauntlet | You add the spells Lesser Beckoning, Tukima's Dance,
                  | Alistair's Intoxication and Invisibility to your library.
 30990 | Gauntlet | Identified the +7 long sword "Ocofur" {vamp, rN++ rCorr}
 30990 | Gauntlet | Identified the ring of Devotion {rF- rC+ Str+4}
 31660 | D:12     | Found a stormy altar of Qazlal.
 31784 | D:12     | Reached skill level 12 in Fighting
 32637 | D:13     | Found Dyixy's Antique Armour Boutique.
 32997 | D:13     | Found a gate to the Vaults.
 33382 | D:14     | Reached skill level 13 in Dodging
 33546 | D:14     | Reached skill level 13 in Polearms
 34106 | D:14     | You pick up a book of Burglary and begin reading...
 34106 | D:14     | You add the spells Passwall, Swiftness, Passage of Golubria
                  | and Lee's Rapid Deconstruction to your library.
 34228 | D:15     | Entered Level 15 of the Dungeon
 35260 | D:15     | Found a staircase to the Depths.
 35792 | Depths:1 | Entered Level 1 of the Depths
 35801 | D:15     | Reached skill level 14 in Invocations
 35811 | D:15     | HP: 12/112 [iron troll (26)]
 36703 | D:14     | Reached skill level 13 in Shields
 37285 | Depths:1 | Reached skill level 15 in Armour
 37434 | Depths:1 | Reached XP level 19. HP: 62/118 MP: 30/30
 38504 | Depths:1 | Found a gateway to Hell.
 38640 | Depths:1 | Reached skill level 13 in Fighting
 39120 | Depths:2 | Found a gateway to a ziggurat.
 39178 | Depths:2 | Identified the Compendium of Dusty Illusion
 39179 | Depths:2 | You add the spells Sandblast, Summon Guardian Golem, Call
                  | Canine Familiar, Animate Armour and Summon Hydra to your
                  | library.
 39522 | Depths:2 | Found a corrupted altar of Lugonu.
 39541 | Depths:2 | a wizard comes into view. It is wielding the +14 obsidian
                  | axe {vorpal, Drain Fly SInv}.
 39542 | Depths:2 | Here: a wizard, wielding the +14 obsidian axe {vorpal,
                  | Drain Fly SInv} and wearing a +0 robe (slightly
                  | transparent)
 39542 | Depths:2 | Here: a wizard, wielding the +14 obsidian axe {vorpal,
                  | Drain Fly SInv} and wearing a +0 robe (slightly
                  | transparent)
 39675 | Depths:2 | Noticed Nikola
 39677 | Depths:2 | Found a bloodstained altar of Trog.
 39699 | Depths:2 | Killed Nikola
 39700 | Depths:2 | Reached skill level 14 in Dodging
 39700 | Depths:2 | Reached skill level 15 in Invocations
 39717 | Depths:2 | Identified the +2 rapier of Springtime {pain, rPois Str-4
                  | Dex+3}
 39905 | Depths:2 | Reached skill level 14 in Polearms
 40135 | Depths:2 | HP: 8/119 [balrug/fireball (43)]
 40136 | Depths:2 | Killed from afar by a balrug

Vanquished Creatures
  Nikola (Depths:2)
  A storm dragon (D:10)
  An iron dragon (Depths:2)
  2 fire giants (Depths:1)
  A ghost moth (shapeshifter) (Depths:1)
  A war gargoyle (D:10)
  5 very ugly things
  An ironbound preserver (D:13)
  A spriggan defender (Depths:2)
  A reaper (IceCv)
  5 stone giants
  A minotaur (Gauntlet)
  The ghost of Pinouros the Devastator, a journeyman DECj of Vehumet (Lair:5)
  2 ettins
  3 fire dragons
  Snorg (Lair:5)
  2 yaktaur captains (D:10)
  4 rakshasas (Depths:1)
  Harold (Lair:1)
  4 great orbs of eyes
  2 boulder beetles
  The ghost of ZappyNine the Fighter, a novice OgTm of Dithmenos (D:7)
  12 hydras
  An ogre mage (Orc:2)
  A juggernaut simulacrum (Depths:1)
  3 catoblepae
  6 two-headed ogres
  A centaur warrior (D:13)
  A death yak (Lair:3)
  5 deep troll earth magi
  4 deep troll shamans
  2 tengu warriors
  10 orc high priests
  A storm dragon zombie (Depths:1)
  A sun demon (Depths:1)
  Nergalle (Lair:3)
  3 skeletal warriors (D:12)
  6 iron trolls
  9 deep trolls
  A flayed ghost (Depths:2)
  2 spark wasp zombies (Depths:1)
  2 bog bodies (Lair:2)
  A deep troll (shapeshifter) (D:14)
  2 lindwurms (Lair:6)
  2 orc knights
  4 wizards
  The ghost of kd29 the Geomancer, a novice GrEE of Vehumet (D:8)
  A phantasmal warrior (D:10)
  Pikel (D:5)
  A wolf spider zombie (D:15)
  5 necromancers
  A harpy (shapeshifter) (D:14)
  2 wolf spiders
  25 ugly things
  A frost giant zombie (Depths:1)
  2 oklob plants (Lair:1)
  4 cyclopes
  4 manticores
  6 orc sorcerers
  Maurice (D:8)
  11 elephants
  A fire giant skeleton (Depths:1)
  2 molten gargoyles (D:13)
  2 ice statues (IceCv)
  3 black mambas
  An elf skeleton (Depths:1)
  A torpor snail (Lair:6)
  A gargoyle (D:11)
  An unseen horror (shapeshifter) (D:13)
  Maggie (D:8)
  23 cane toads
  2 unseen horrors (D:12)
  4 rime drakes
  An efreet (D:14)
  10 komodo dragons
  9 ice devils (IceCv)
  2 guardian mummies (D:11)
  2 freezing wraiths (D:14)
  8 trolls
  3 jumping spiders (Lair:2)
  Prince Ribbit (D:8)
  11 polar bears
  17 blink frogs
  A tyrant leech (Gauntlet)
  2 hornets
  2 raiju (Lair:6)
  8 slime creatures
  A sphinx simulacrum (Depths:1)
  2 dream sheep (Lair:6)
  An ice dragon skeleton (Depths:1)
  Sigmund (D:5)
  A tarantella (shapeshifter) (D:15)
  5 wraiths
  An ettin skeleton (Depths:1)
  A redback (Lair:2)
  6 wyverns
  A fire elemental (D:13)
  49 yaks
  2 vampires
  4 basilisks
  A water elemental (Depths:1)
  A fire dragon skeleton (Depths:1)
  9 vampire mosquitoes
  2 steam dragons
  5 swamp worms
  2 acid dragons
  11 wargs
  26 water moccasins
  15 hell hounds (Lair:6)
  2 meliai simulacra (D:15)
  An ice beast (D:8)
  27 orc warriors
  A necrophage (D:5)
  15 black bears
  A deep troll simulacrum (Depths:1)
  14 ogres
  19 wolves
  4 centaurs
  11 bullfrogs
  A gnoll sergeant (D:6)
  An earth elemental (Volcano)
  4 scorpions
  A water moccasin skeleton (D:5)
  13 killer bees
  A wight (D:7)
  4 howler monkeys
  3 electric eels
  A spectral centaur (D:7)
  4 lava snakes (D:13)
  4 centaur zombies
  4 hounds
  A jelly (D:6)
  A bullfrog zombie (D:5)
  2 centaur skeletons
  38 orc priests
  2 bullfrog skeletons (D:6)
  6 iguanas
  18 orc wizards
  6 hell rats (Lair:2)
  3 yak simulacra (Lair:6)
  5 polar bear simulacra (Lair:6)
  A wolf simulacrum (Lair:6)
  3 howler monkey zombies (D:9)
  5 adders
  A howler monkey skeleton (D:7)
  15 river rats (Lair:2)
  13 gnolls
  19 white imps
  8 ufetubi (IceCv)
  2 worms
  2 dart slugs (D:2)
  102 orcs
  7 ball pythons
  8 bats
  9 endoplasms
  3 giant cockroaches
  5 goblins
  5 hobgoblins
  7 jackals
  15 quokkas
  2 frilled lizards (D:1)
  5 kobolds
  A quokka skeleton (D:2)
  17 rats
  2 river rat simulacra (Lair:6)
  A lurking horror (Orc:1)
931 creatures vanquished.

Vanquished Creatures (collateral kills)
  A catoblepas (Lair:6)
  A komodo dragon (Lair:6)
  4 dream sheep (Lair:6)
6 creatures vanquished.

Vanquished Creatures (others)
  Sonja (Orc:1)
  A smoke demon (Depths:2)
  A wolf (Lair:6)
  2 white imps (IceCv)
  3 ufetubi (IceCv)
  A ball python (D:4)
  2 bushes (D:15)
  25 fungi
  55 plants
91 creatures vanquished.

Grand Total: 1028 creatures vanquished

Table legend:
 A = Non-vault XP
 B = Vault XP
 C = Vault XP percentage of total XP
 D = Non-vault monster count
 E = Vault monster count
 F = Vault count percentage of total count
                 A         B        C        D         E       F
            +---------+---------+-------+---------+---------+-------
      Total |  164673 |   87633 |  34.7 |     606 |     336 |  35.7
            +---------+---------+-------+---------+---------+-------
        D:1 |      51 |       0 |   0.0 |      30 |       0 |   0.0
        D:2 |     158 |       5 |   3.1 |      21 |       2 |   8.7
        D:3 |      90 |       0 |   0.0 |      15 |       0 |   0.0
        D:4 |     143 |     190 |  57.1 |      12 |       2 |  14.3
        D:5 |     939 |     852 |  47.6 |      21 |       2 |   8.7
        D:6 |     891 |    1222 |  57.8 |      20 |       5 |  20.0
        D:7 |    1844 |    1988 |  51.9 |      15 |      10 |  40.0
        D:8 |    4714 |    3282 |  41.0 |      30 |      13 |  30.2
        D:9 |    1105 |       0 |   0.0 |      23 |       0 |   0.0
       D:10 |    8923 |    7744 |  46.5 |      52 |       8 |  13.3
       D:11 |    4548 |     677 |  13.0 |      25 |       2 |   7.4
       D:12 |    7754 |       0 |   0.0 |      21 |       0 |   0.0
       D:13 |    4205 |    5018 |  54.4 |      15 |       9 |  37.5
       D:14 |   11237 |       0 |   0.0 |      21 |       0 |   0.0
       D:15 |   13564 |    5002 |  26.9 |      28 |      10 |  26.3
     Lair:1 |    7713 |    2886 |  27.2 |      27 |       6 |  18.2
     Lair:2 |    2091 |    5098 |  70.9 |       9 |      56 |  86.2
     Lair:3 |    4583 |    2034 |  30.7 |      13 |      16 |  55.2
     Lair:4 |    7326 |       0 |   0.0 |      25 |       0 |   0.0
     Lair:5 |    8092 |    5290 |  39.5 |      25 |       5 |  16.7
     Lair:6 |    8120 |   19498 |  70.6 |      28 |      86 |  75.4
      Orc:1 |    7931 |    2278 |  22.3 |      45 |      12 |  21.1
      Orc:2 |    2733 |    6683 |  71.0 |      22 |      48 |  68.6
   Depths:1 |   45532 |     810 |   1.7 |      53 |       1 |   1.9
   Depths:2 |   10386 |    7939 |  43.3 |      10 |       9 |  47.4
      IceCv |       0 |    5474 | 100.0 |       0 |      26 | 100.0
    Volcano |       0 |      83 | 100.0 |       0 |       1 | 100.0
   Gauntlet |       0 |    3580 | 100.0 |       0 |       7 | 100.0
            +---------+---------+-------+---------+---------+-------

Illustrated notes

Table legend:
 A = Kills in this place as a percentage of kills in entire the game.
 B = Kills by you in this place as a percentage of kills by you in the entire game.
 C = Kills by friends in this place as a percentage of kills by friends in the entire game.
 D = Other kills in this place as a percentage of other kills in the entire game.
 E = Experience gained in this place as a percentage of experience gained in the entire game.
 F = Experience gained in this place divided by the number of levels of this place that you have seen.
                   A       B       C       D       E      F
               +-------+-------+-------+-------+-------+----------------------
         Total | 100.0 | 100.0 | 100.0 | 100.0 | 100.0 | 8138.9
       Dungeon |  43.7 |  44.2 |   0.0 |  16.7 |  34.1 | 5743.1
          Lair |  31.4 |  31.1 | 100.0 |  16.7 |  28.8 | 12121.8
  Orcish Mines |  13.5 |  13.3 |   0.0 |  50.0 |   7.8 | 9812.5
        Depths |   7.7 |   7.7 |   0.0 |  16.7 |  25.6 | 32333.5
      Ice Cave |   2.8 |   2.8 |   0.0 |   0.0 |   2.2 | 5474.0
       Volcano |   0.1 |   0.1 |   0.0 |   0.0 |   0.0 |  83.0
      Gauntlet |   0.7 |   0.8 |   0.0 |   0.0 |   1.4 | 3580.0
               +-------+-------+-------+-------+-------+----------------------

Table legend: (Time is in decaauts)
 A = Elapsed time spent in this place.
 B = Non-inter-level travel time spent in this place.
 C = Inter-level travel time spent in this place.
 D = Time resting spent in this place.
 E = Time spent auto-exploring this place.
 F = Levels seen in this place.
 G = Mean time per level.
                   A        B        C        D        E       F      G
               +--------+--------+--------+--------+--------+-----+--------+
         Total |  37578 |  35968 |   1610 |   8116 |  21055 |  31 | 1212.2 |
       Dungeon |  19442 |  18285 |   1157 |   3805 |  11326 |  15 | 1296.1 |
          Lair |   8618 |   8406 |    212 |   1183 |   5839 |   6 | 1436.3 |
  Orcish Mines |   4495 |   4302 |    193 |   1558 |   1793 |   2 | 2247.5 |
        Depths |   2925 |   2878 |     47 |    781 |   1512 |   2 | 1462.5 |
         Abyss |    145 |    145 |      0 |      0 |      0 |   3 |   48.3 |
      Ice Cave |   1174 |   1174 |      0 |    586 |    298 |   1 | 1174.0 |
       Volcano |    367 |    367 |      0 |    202 |      0 |   1 |  367.0 |
      Gauntlet |    408 |    408 |      0 |      0 |    285 |   1 |  408.0 |
               +--------+--------+--------+--------+--------+-----+--------+

Top non-repeatable levels by time:
    D:10: 3325 daAuts
   Orc:1: 2492 daAuts
  Lair:1: 2084 daAuts
   Orc:2: 2002 daAuts
  Lair:6: 2001 daAuts
    D:15: 1979 daAuts
     D:5: 1915 daAuts
Depths:1: 1894 daAuts
     D:8: 1691 daAuts
    D:14: 1360 daAuts
  Lair:5: 1328 daAuts
  Lair:2: 1294 daAuts
  Lair:3: 1203 daAuts
    D:12: 1197 daAuts
     D:7: 1185 daAuts
